 Dungeon Crawl Stone Soup version 0.26.1 (webtiles) character file.

Game seed: 7474542374595441585

64 windgrace the Covered (level 4, 0/28 HPs)
             Began as a Gargoyle Fighter on Feb 7, 2021.
             Killed by divine providence
             ... invoked by an orc priest
              (11 damage)
             ... on level 3 of the Dungeon.
             The game lasted 00:11:44 (461 turns).

windgrace the Covered (Gargoyle Fighter)             Turns: 461, Time: 00:11:45

Health: 0/28       AC: 10    Str: 20    XL:     4   Next: 12%
Magic:  4/4        EV:  7    Int: 14    God:
Gold:   46         SH:  9    Dex: 10    Spells: 3/3 levels left

rFire    . . .     SeeInvis .   a - +0 war axe
rCold    . . .     Faith    .   c - +0 kite shield
rNeg     + . .     Spirit   .   b - +0 scale mail
rPois    ∞         Reflect  .   (no helmet)
rElec    +         Harm     .   (no cloak)
rCorr    .         Rampage  .   (no gloves)
Will     .....                  (no boots)
Stlth    ..........             (no amulet)
HPRegen  0.09/turn              m - +6 ring of intelligence
MPRegen  0.09/turn              (no ring)

@: no status effects
A: negative energy resistance 1, electricity resistance, unbreathing,
petrification resistance, miasma immunity, AC +3
a: no special abilities


You were on level 3 of the Dungeon.
You visited 1 branch of the dungeon, and saw 3 of its levels.

You collected 46 gold pieces.

Inventory:

Hand Weapons
 a - a +0 war axe (weapon)
Missiles
 e - 7 silver boomerangs (quivered)
 i - 35 stones
Armour
 b - a +0 scale mail (worn)
 c - a +0 kite shield (worn)
 f - a +0 scale mail
Jewellery
 m - a +6 ring of intelligence (left hand)
Scrolls
 h - a scroll of teleportation {unknown}
 k - a scroll of magic mapping {unknown}
 n - a scroll of identify {unknown}
Potions
 d - a potion of might
 g - a potion of lignification {unknown}
 l - a potion of attraction {unknown}


   Skills:
 + Level 3.5 Fighting
 + Level 2.5 Axes
 + Level 1.2 Throwing
 + Level 3.9 Armour
 + Level 3.6 Shields


You had 3 spell levels left.
You didn't know any spells.
Your spell library was empty.

Dungeon Overview and Level Annotations

Branches:
Dungeon (3/15)

Altars:


Innate Abilities, Weirdness & Mutations

You are resistant to torment.
Your stone body is resilient. (AC +3)
You are immune to poison.
You resist negative energy. (rN+)
You are resistant to electric shocks. (rElec)
You can survive without breathing.
You are immune to petrification.
You are immune to miasma.


Message History

The orc is severely wounded.
The orc closely misses you.
You barely miss the orc.
The orc is severely wounded.
The orc barely misses you. The orc completely misses you.
You hit the orc.
You kill the orc!
You block the bat's attack.
You slash the orc!
You kill the orc!
You barely miss the hobgoblin. You block the hobgoblin's attack.
The hobgoblin hits you but does no damage.
You barely miss the hobgoblin.
The orc priest invokes the aid of Beogh against you.
Beogh smites you!
Ouch! That really hurt!
The hobgoblin hits you but does no damage.
The orc priest invokes the aid of Beogh against you.
Beogh smites you!
You die...

######## ###..##..# #
#. .$##..# .#
######.##.....##o.
..........##b....#
.>............#
..#....##.(.bo####
...!..#....?.r)g.####
..#...#......###@...#
.....#.....<.# ##...#
.g...#r......# ...#
...K.........# ...#
...#......# ####
...#..##### ....
....# .!.!


You could see an orc priest, a hobgoblin, a bat and a rat.

Vanquished Creatures
  3 adders (D:2)
  An ooze (D:3)
  A worm (D:3)
  A dart slug (D:1)
  A leopard gecko (D:1)
  2 orcs (D:3)
  A giant cockroach (D:1)
  2 hobgoblins (D:1)
  A quokka (D:2)
  4 bats
  2 frilled lizards (D:1)
  3 goblins (D:1)
  A kobold (D:1)
  7 rats
30 creatures vanquished.

Notes
Turn   | Place    | Note
-------+----------+-------------------------------------------
     0 | D:1      | windgrace the Gargoyle Fighter began the quest for the Orb.
     0 | D:1      | Reached XP level 1. HP: 14/14 MP: 1/1
   136 | D:1      | Reached XP level 2. HP: 18/19 MP: 2/2
   300 | D:2      | Reached XP level 3. HP: 17/23 MP: 3/3
   408 | D:1      | Reached skill level 1 in Throwing
   451 | D:3      | Reached XP level 4. HP: 23/28 MP: 4/4
   461 | D:3      | Killed from afar by an orc priest

Illustrated notes

Levels and vault maps discovered:
D:1:      giann_wishing_wells, layout_basic
D:2:      layout_basic, chequers_ecumenical_altar_simple_redux,
          kennysheep_generic_room_15, uniq_terence, uniq_sigmund
D:3:      layout_rooms, nicolae_overflow_crystal_walls

Skill      XL: |  1  2  3 |
---------------+----------+-----
Axes           | 2 |  2.5
Throwing       | 1 |  1.2
Fighting       | |  3.5
Armour         | |  3.9
Shields        | |  3.6

Action                   |  1- 3 |  4- 6 || total
-------------------------+-------+-------++-------
Melee: War axe           |    70 |    10 ||    80
Throw: Boomerang         |    26 |       ||    26
  Use: Scroll            |     2 |       ||     2
Armor: Scale mail        |    29 |     3 ||    32
Dodge: Dodged            |    27 |     3 ||    30
Block: Kite shield       |    39 |     6 ||    45
